[ AOE2 MATCH · #464889688 ]
Team RMItalians vs Romans
[ REPLAY ANALYSIS · EXTRACTED FROM THE RECORDED GAME ]
Feudal
12:41
Castle
16:38
Imperial
26:25
| APM avg | 32.8 |
| APM peak | 68 |
| eAPM avg | 20.7 |
| Villagers / military | 139 / 0 |
Focus
⚔️ 33.8% · 🌾 66.2%
Unknown (882) ×319 · Fishing Ship ×11
Feudal
16:18
Castle
31:20
Imperial
—
| APM avg | 32.3 |
| APM peak | 65 |
| eAPM avg | 21.7 |
| Villagers / military | 153 / 71 |
Focus
⚔️ 17.6% · 🌾 82.4%
Huskarl ×69 · Fishing Ship ×34 · Transport Ship ×2
Feudal
13:02
Castle
16:34
Imperial
41:03
| APM avg | 34.5 |
| APM peak | 64 |
| eAPM avg | 22.6 |
| Villagers / military | 249 / 14 |
Focus
⚔️ 38.4% · 🌾 61.6%
Unknown (2550) ×229 · Fishing Ship ×8 · Mangonel ×6 · Spearman ×6 · Scorpion ×2
Feudal
13:54
Castle
25:31
Imperial
—
| APM avg | 44.4 |
| APM peak | 75 |
| eAPM avg | 19.6 |
| Villagers / military | 122 / 40 |
Focus
⚔️ 21.5% · 🌾 78.5%
Ghulam ×31 · Scout Cavalry ×9 · Fishing Ship ×7
Feudal
12:17
Castle
17:02
Imperial
34:05
| APM avg | 42.0 |
| APM peak | 99 |
| eAPM avg | 24.8 |
| Villagers / military | 169 / 160 |
Focus
⚔️ 33.7% · 🌾 66.3%
Spearman ×106 · Jaguar Warrior ×54 · Fishing Ship ×16 · Unknown (2626) ×12
Feudal
12:38
Castle
21:50
Imperial
—
| APM avg | 25.2 |
| APM peak | 52 |
| eAPM avg | 13.1 |
| Villagers / military | 102 / 15 |
Focus
⚔️ 24.7% · 🌾 75.3%
Fishing Ship ×8 · Spearman ×8 · Archer ×5 · Boyar ×2
Feudal
12:49
Castle
16:44
Imperial
37:50
| APM avg | 44.5 |
| APM peak | 81 |
| eAPM avg | 19.3 |
| Villagers / military | 141 / 140 |
Focus
⚔️ 27.4% · 🌾 72.6%
Camel Scout ×62 · Chakram Thrower ×55 · Shrivamsha Rider ×13 · Armored Elephant ×8 · Fishing Ship ×7 · Scout Cavalry ×1
Feudal
14:29
Castle
18:01
Imperial
45:25
| APM avg | 35.2 |
| APM peak | 87 |
| eAPM avg | 14.1 |
| Villagers / military | 172 / 48 |
Focus
⚔️ 22.0% · 🌾 78.0%
Centurion ×46 · Fishing Ship ×12 · Battering Ram ×1 · Mangonel ×1
Match map
Resources at game start + every placement click. Thick line = wall · dashed box = detected house wall. 🟡 gold · ⚪ stone · 🟢 berries · 🔶 boar · ⭕ relic
Inputs per minute
— kampert - - boda
Build order — kampert
First 150 of 413 actions detected
| 0:18 | Build | Town Center |
| 1:14 | Build | Dock |
| 1:15 | Build | House |
| 2:47 | Create | Villager (Male) |
| 2:47 | Create | Villager (Male) |
| 2:48 | Create | Villager (Male) |
| 2:48 | Create | Villager (Male) |
| 2:48 | Create | Villager (Male) |
| 3:53 | Create | Fishing Ship |
| 4:22 | Create | Villager (Male) |
| 4:33 | Build | House |
| 4:55 | Create | Villager (Male) |
| 4:55 | Create | Villager (Male) |
| 5:14 | Create | Villager (Male) |
| 5:39 | Create | Fishing Ship |
| 5:40 | Create | Fishing Ship |
| 5:47 | Create | Villager (Male) |
| 5:49 | Build | Palisade Wall |
| 5:59 | Create | Villager (Male) |
| 6:30 | Build | House |
| 6:31 | Create | Villager (Male) |
| 6:54 | Create | Fishing Ship |
| 6:56 | Create | Villager (Male) |
| 7:01 | Build | House |
| 7:22 | Create | Villager (Male) |
| 7:22 | Create | Villager (Male) |
| 7:22 | Create | Villager (Male) |
| 7:26 | Create | Fishing Ship |
| 8:07 | Create | Fishing Ship |
| 8:09 | Create | Villager (Male) |
| 8:43 | Create | Villager (Male) |
| 8:49 | Build | Mill |
| 9:09 | Create | Villager (Male) |
| 9:12 | Build | House |
| 9:18 | Create | Fishing Ship |
| 9:20 | Create | Villager (Male) |
| 9:41 | Build | House |
| 9:45 | Build | House |
| 10:06 | Create | Villager (Male) |
| 10:08 | Create | Fishing Ship |
| 10:26 | Research | Feudal Age |
| 10:40 | Build | Mining Camp |
| 11:13 | Create | Villager (Male) |
| 11:13 | Create | Villager (Male) |
| 11:48 | Build | Palisade Wall |
| 11:59 | Build | Palisade Wall |
| 12:07 | Build | House |
| 12:14 | Research | Loom |
| 12:19 | Build | House |
| 12:31 | Build | Palisade Wall |
| 12:39 | Build | House |
| 12:41 | Age | Feudal Age |
| 12:51 | Build | Market |
| 12:54 | Build | Blacksmith |
| 13:33 | Create | Villager (Male) |
| 13:49 | Research | Castle Age |
| 13:56 | Build | Lumber Camp |
| 14:14 | Build | House |
| 14:45 | Research | Double-Bit Axe |
| 14:45 | Research | Double-Bit Axe |
| 15:02 | Build | House |
| 16:08 | Create | Villager (Male) |
| 16:38 | Age | Castle Age |
| 16:41 | Build | Town Center |
| 16:46 | Build | Town Center |
| 16:49 | Research | Bow Saw |
| 16:50 | Research | Bow Saw |
| 16:51 | Create | Villager (Male) |
| 17:17 | Research | Tech 906 |
| 17:19 | Create | Villager (Male) |
| 17:47 | Create | Villager (Male) |
| 17:49 | Research | Wheelbarrow |
| 18:17 | Create | Villager (Male) |
| 18:23 | Create | Villager (Male) |
| 18:48 | Create | Fishing Ship |
| 18:54 | Create | Villager (Male) |
| 18:55 | Create | Villager (Male) |
| 18:56 | Create | Villager (Male) |
| 18:57 | Create | Villager (Male) |
| 18:58 | Create | Villager (Male) |
| 19:00 | Create | Villager (Male) |
| 19:02 | Research | Horse Collar |
| 19:03 | Research | Horse Collar |
| 19:09 | Build | Dock |
| 19:13 | Create | Villager (Male) |
| 19:21 | Research | Gillnets |
| 19:23 | Create | Villager (Male) |
| 19:29 | Create | Villager (Male) |
| 19:51 | Create | Villager (Male) |
| 19:57 | Build | Siege Workshop |
| 19:59 | Create | Villager (Male) |
| 20:03 | Build | University |
| 20:05 | Create | Villager (Male) |
| 20:18 | Create | Fishing Ship |
| 20:23 | Create | Villager (Male) |
| 20:27 | Create | Villager (Male) |
| 20:43 | Create | Villager (Male) |
| 20:44 | Create | Villager (Male) |
| 20:49 | Create | Villager (Male) |
| 21:01 | Build | Barracks |
| 21:02 | Create | Villager (Male) |
| 21:05 | Build | House |
| 21:09 | Build | House |
| 21:10 | Create | Villager (Male) |
| 21:13 | Build | House |
| 21:14 | Build | House |
| 21:14 | Build | House |
| 21:14 | Build | House |
| 21:15 | Build | House |
| 21:20 | Create | Villager (Male) |
| 21:20 | Create | Villager (Male) |
| 21:25 | Build | Mining Camp |
| 21:39 | Create | Villager (Male) |
| 21:44 | Build | Farm |
| 21:47 | Build | Farm |
| 21:49 | Build | Farm |
| 21:50 | Create | Villager (Male) |
| 22:02 | Create | Villager (Male) |
| 22:04 | Build | Barracks |
| 22:13 | Create | Villager (Male) |
| 22:14 | Build | Farm |
| 22:17 | Build | Farm |
| 22:19 | Build | Farm |
| 22:20 | Create | Villager (Male) |
| 22:30 | Create | Villager (Male) |
| 22:30 | Create | Villager (Male) |
| 22:31 | Create | Villager (Male) |
| 22:39 | Create | Villager (Male) |
| 22:52 | Research | Imperial Age |
| 22:52 | Research | Imperial Age |
| 22:59 | Build | Farm |
| 23:01 | Build | Farm |
| 23:03 | Build | Farm |
| 23:05 | Build | Farm |
| 23:08 | Create | Villager (Male) |
| 23:17 | Build | House |
| 23:18 | Build | House |
| 23:19 | Create | Villager (Male) |
| 23:21 | Build | House |
| 23:23 | Create | Villager (Male) |
| 23:26 | Build | Farm |
| 23:28 | Build | Farm |
| 23:28 | Build | Farm |
| 23:31 | Build | Farm |
| 23:32 | Create | Villager (Male) |
| 23:39 | Create | Fishing Ship |
| 23:44 | Create | Villager (Male) |
| 23:44 | Create | Villager (Male) |
| 23:48 | Build | Farm |
| 23:50 | Build | Farm |
Build order — boda
First 150 of 373 actions detected
| 0:14 | Build | Town Center |
| 0:44 | Build | Dock |
| 1:36 | Build | House |
| 2:45 | Create | Villager (Male) |
| 2:46 | Create | Villager (Male) |
| 2:46 | Create | Villager (Male) |
| 2:46 | Create | Villager (Male) |
| 2:46 | Create | Villager (Male) |
| 3:05 | Research | Loom |
| 3:06 | Create | Villager (Male) |
| 3:06 | Create | Villager (Male) |
| 3:07 | Create | Villager (Male) |
| 3:17 | Create | Villager (Male) |
| 3:18 | Create | Villager (Male) |
| 4:17 | Build | House |
| 4:40 | Create | Villager (Male) |
| 4:41 | Create | Villager (Male) |
| 5:26 | Create | Villager (Male) |
| 5:27 | Create | Villager (Male) |
| 5:54 | Create | Villager (Male) |
| 5:54 | Create | Villager (Male) |
| 5:54 | Create | Villager (Male) |
| 6:04 | Build | House |
| 6:07 | Create | Villager (Male) |
| 6:07 | Create | Villager (Male) |
| 6:24 | Build | House |
| 7:11 | Create | Villager (Male) |
| 7:11 | Create | Villager (Male) |
| 7:43 | Create | Villager (Male) |
| 7:55 | Create | Villager (Male) |
| 8:01 | Create | Fishing Ship |
| 8:01 | Create | Fishing Ship |
| 8:21 | Create | Villager (Male) |
| 8:22 | Create | Villager (Male) |
| 9:28 | Create | Villager (Male) |
| 9:28 | Create | Villager (Male) |
| 9:33 | Create | Fishing Ship |
| 9:53 | Build | House |
| 10:25 | Create | Villager (Male) |
| 10:28 | Create | Fishing Ship |
| 10:36 | Build | House |
| 11:13 | Create | Villager (Male) |
| 11:21 | Build | Mining Camp |
| 11:32 | Create | Villager (Male) |
| 11:56 | Build | Outpost |
| 12:14 | Build | Outpost |
| 12:45 | Build | Outpost |
| 13:00 | Build | Outpost |
| 13:47 | Build | Palisade Gate |
| 13:52 | Build | Palisade Wall |
| 13:53 | Build | Palisade Wall |
| 13:56 | Build | Palisade Wall |
| 13:57 | Build | Palisade Wall |
| 14:05 | Create | Villager (Male) |
| 14:05 | Create | Villager (Male) |
| 14:08 | Research | Feudal Age |
| 14:46 | Build | Palisade Gate |
| 15:04 | Build | Palisade Wall |
| 15:09 | Build | Palisade Wall |
| 15:12 | Create | Villager (Male) |
| 15:12 | Create | Villager (Male) |
| 15:20 | Build | Lumber Camp |
| 15:36 | Build | Palisade Wall |
| 15:39 | Build | Palisade Wall |
| 15:41 | Build | Palisade Gate |
| 16:10 | Build | House |
| 16:14 | Build | Palisade Wall |
| 16:18 | Age | Feudal Age |
| 16:26 | Build | Watch Tower |
| 16:33 | Build | Watch Tower |
| 16:38 | Build | Blacksmith |
| 16:39 | Create | Villager (Male) |
| 16:39 | Create | Villager (Male) |
| 16:50 | Build | Watch Tower |
| 17:15 | Build | Watch Tower |
| 17:21 | Build | Watch Tower |
| 17:27 | Create | Villager (Male) |
| 17:56 | Create | Villager (Male) |
| 17:56 | Create | Villager (Male) |
| 18:00 | Build | Mill |
| 18:04 | Create | Villager (Male) |
| 18:45 | Build | Farm |
| 18:48 | Build | Farm |
| 18:49 | Build | Farm |
| 18:51 | Build | Farm |
| 18:51 | Build | Farm |
| 19:04 | Build | Farm |
| 19:35 | Create | Villager (Male) |
| 19:40 | Build | Market |
| 20:21 | Create | Villager (Male) |
| 20:22 | Create | Villager (Male) |
| 20:25 | Build | Mill |
| 20:26 | Build | Farm |
| 20:26 | Build | Farm |
| 20:26 | Build | Farm |
| 20:26 | Build | Farm |
| 20:28 | Create | Villager (Male) |
| 20:56 | Create | Villager (Male) |
| 21:21 | Create | Villager (Male) |
| 22:08 | Build | Farm |
| 22:22 | Build | Mining Camp |
| 22:37 | Build | Watch Tower |
| 22:44 | Build | Watch Tower |
| 22:47 | Build | Watch Tower |
| 22:58 | Create | Villager (Male) |
| 22:59 | Create | Villager (Male) |
| 24:59 | Build | Town Center |
| 25:06 | Build | Lumber Camp |
| 25:51 | Create | Villager (Male) |
| 25:51 | Create | Villager (Male) |
| 25:56 | Build | House |
| 26:09 | Build | Palisade Wall |
| 26:14 | Build | House |
| 26:15 | Build | House |
| 26:18 | Build | House |
| 26:45 | Create | Villager (Male) |
| 26:46 | Create | Villager (Male) |
| 27:22 | Build | Mining Camp |
| 27:39 | Build | House |
| 28:10 | Create | Villager (Male) |
| 28:10 | Create | Villager (Male) |
| 28:14 | Build | House |
| 28:16 | Build | House |
| 28:17 | Build | House |
| 28:24 | Research | Castle Age |
| 28:25 | Research | Castle Age |
| 28:50 | Research | Double-Bit Axe |
| 28:50 | Research | Double-Bit Axe |
| 28:51 | Research | Horse Collar |
| 28:51 | Research | Horse Collar |
| 29:02 | Research | Stone Mining |
| 29:35 | Build | House |
| 29:36 | Build | House |
| 29:38 | Build | House |
| 29:40 | Build | Palisade Wall |
| 31:20 | Age | Castle Age |
| 31:23 | Create | Villager (Male) |
| 31:23 | Create | Villager (Male) |
| 31:45 | Build | Castle |
| 31:53 | Build | House |
| 31:56 | Build | House |
| 31:58 | Build | Palisade Wall |
| 32:02 | Build | Palisade Wall |
| 32:37 | Create | Villager (Male) |
| 32:37 | Create | Villager (Male) |
| 32:38 | Create | Villager (Male) |
| 32:38 | Create | Villager (Male) |
| 32:47 | Build | Town Center |
| 33:34 | Build | Mill |
| 33:41 | Create | Villager (Male) |
Build order — Albarikukui
First 150 of 411 actions detected
| 0:11 | Build | Town Center |
| 1:02 | Build | Dock |
| 1:05 | Build | House |
| 2:27 | Create | Villager (Male) ×4 |
| 2:27 | Create | Villager (Male) ×4 |
| 3:37 | Create | Villager (Male) |
| 3:37 | Create | Villager (Male) |
| 3:55 | Create | Villager (Male) |
| 3:55 | Create | Villager (Male) |
| 4:23 | Create | Fishing Ship |
| 4:38 | Create | Villager (Male) |
| 4:39 | Create | Villager (Male) |
| 5:10 | Build | House |
| 5:13 | Create | Villager (Male) |
| 5:14 | Create | Villager (Male) |
| 5:34 | Create | Villager (Male) |
| 5:34 | Create | Villager (Male) |
| 5:41 | Create | Fishing Ship |
| 5:56 | Create | Villager (Male) |
| 5:56 | Create | Villager (Male) |
| 6:26 | Create | Fishing Ship |
| 6:31 | Create | Villager (Male) |
| 6:51 | Create | Villager (Male) |
| 6:51 | Create | Villager (Male) |
| 7:03 | Build | House |
| 7:09 | Create | Fishing Ship |
| 7:11 | Create | Villager (Male) |
| 7:11 | Create | Villager (Male) |
| 7:32 | Create | Villager (Male) |
| 7:32 | Create | Villager (Male) |
| 7:40 | Create | Fishing Ship |
| 7:58 | Create | Villager (Male) |
| 8:12 | Create | Fishing Ship |
| 8:21 | Create | Villager (Male) |
| 8:40 | Create | Fishing Ship |
| 8:52 | Create | Villager (Male) |
| 8:54 | Create | Villager (Male) |
| 9:35 | Build | Settlement |
| 9:44 | Build | Settlement |
| 9:51 | Create | Villager (Male) |
| 10:02 | Research | Loom |
| 10:03 | Create | Villager (Male) |
| 10:29 | Create | Villager (Male) |
| 10:29 | Research | Feudal Age |
| 10:34 | Build | Settlement |
| 11:07 | Create | Villager (Male) |
| 11:07 | Create | Villager (Male) |
| 13:02 | Age | Feudal Age |
| 13:09 | Build | Market |
| 13:10 | Build | Blacksmith |
| 13:29 | Research | Double-Bit Axe |
| 13:54 | Research | Castle Age |
| 14:01 | Research | Horse Collar |
| 14:34 | Build | Barracks |
| 14:53 | Research | Scale Mail Armor |
| 15:19 | Create | Unit 2550 |
| 15:29 | Build | Barracks |
| 15:32 | Create | Unit 2550 |
| 15:34 | Research | Forging |
| 15:36 | Create | Villager (Male) |
| 15:59 | Build | House |
| 16:10 | Create | Unit 2550 |
| 16:10 | Create | Unit 2550 |
| 16:33 | Research | Tech 1402 |
| 16:34 | Age | Castle Age |
| 16:36 | Create | Villager (Male) |
| 16:54 | Create | Villager (Male) |
| 17:01 | Create | Unit 2550 |
| 17:01 | Create | Unit 2550 |
| 17:08 | Build | Town Center |
| 17:20 | Create | Unit 2550 |
| 17:21 | Create | Unit 2550 |
| 17:29 | Build | House |
| 17:31 | Build | House |
| 17:34 | Build | House |
| 17:38 | Build | Palisade Wall |
| 17:55 | Build | Palisade Wall |
| 17:57 | Build | Palisade Wall |
| 18:00 | Create | Unit 2550 |
| 18:00 | Create | Unit 2550 |
| 18:01 | Create | Villager (Male) ×3 |
| 18:01 | Create | Villager (Male) ×3 |
| 18:27 | Create | Villager (Male) |
| 18:28 | Create | Villager (Male) |
| 18:45 | Create | Fishing Ship |
| 18:52 | Create | Unit 2550 |
| 18:52 | Create | Unit 2550 |
| 19:01 | Create | Villager (Male) |
| 19:02 | Create | Villager (Male) |
| 19:16 | Build | Farm |
| 19:18 | Build | Farm |
| 19:23 | Create | Villager (Male) |
| 19:23 | Create | Villager (Male) |
| 19:30 | Build | Siege Workshop |
| 19:33 | Build | Siege Workshop |
| 19:40 | Create | Unit 2550 |
| 19:40 | Create | Unit 2550 |
| 20:06 | Create | Villager (Male) |
| 20:06 | Create | Villager (Male) |
| 20:13 | Create | Mangonel |
| 20:13 | Create | Mangonel |
| 20:22 | Create | Villager (Male) |
| 20:22 | Create | Villager (Male) |
| 20:27 | Create | Villager (Male) ×2 |
| 20:27 | Create | Villager (Male) ×2 |
| 20:43 | Create | Spearman |
| 20:43 | Create | Spearman |
| 20:45 | Create | Villager (Male) |
| 20:45 | Create | Villager (Male) |
| 20:56 | Build | Farm |
| 21:20 | Create | Spearman |
| 21:20 | Create | Spearman |
| 21:30 | Create | Mangonel |
| 21:38 | Create | Villager (Male) |
| 21:38 | Create | Villager (Male) |
| 21:42 | Create | Spearman |
| 21:43 | Create | Spearman |
| 21:50 | Create | Villager (Male) ×3 |
| 21:51 | Create | Villager (Male) ×3 |
| 22:15 | Create | Villager (Male) |
| 22:15 | Create | Villager (Male) |
| 22:34 | Create | Villager (Male) |
| 22:34 | Create | Villager (Male) |
| 23:02 | Build | House |
| 23:05 | Create | Villager (Male) |
| 23:05 | Create | Villager (Male) |
| 23:15 | Create | Unit 2550 |
| 23:15 | Create | Unit 2550 |
| 23:16 | Create | Villager (Male) |
| 23:16 | Create | Villager (Male) |
| 23:29 | Build | Town Center |
| 23:35 | Create | Villager (Male) ×2 |
| 23:35 | Create | Villager (Male) ×2 |
| 24:03 | Create | Villager (Male) |
| 24:04 | Create | Villager (Male) |
| 24:07 | Build | Farm |
| 24:08 | Build | Farm |
| 24:08 | Build | Farm |
| 24:08 | Build | Farm |
| 24:08 | Build | Farm |
| 24:09 | Build | Farm |
| 24:09 | Build | Farm |
| 24:09 | Build | Farm |
| 24:09 | Build | Farm |
| 24:36 | Build | House |
| 24:40 | Create | Villager (Male) |
| 24:40 | Create | Villager (Male) |
| 24:54 | Create | Villager (Male) |
| 24:54 | Create | Villager (Male) ×2 |
| 25:15 | Create | Unit 2550 |
Build order — LDESS | César
First 150 of 236 actions detected
| 0:03 | Build | Town Center |
| 1:11 | Build | Dock |
| 1:14 | Build | House |
| 2:25 | Create | Villager (Male) ×4 |
| 3:39 | Create | Fishing Ship |
| 3:53 | Create | Villager (Male) |
| 4:14 | Research | Loom |
| 4:16 | Build | House |
| 4:43 | Create | Fishing Ship |
| 4:59 | Create | Villager (Male) |
| 5:29 | Create | Villager (Male) |
| 5:49 | Create | Villager (Male) |
| 5:55 | Build | House |
| 6:10 | Create | Villager (Male) |
| 6:20 | Create | Fishing Ship |
| 6:28 | Create | Villager (Male) |
| 6:41 | Create | Villager (Male) |
| 6:54 | Build | House |
| 7:01 | Create | Villager (Male) |
| 7:16 | Create | Villager (Male) |
| 7:17 | Create | Villager (Male) |
| 7:31 | Create | Fishing Ship |
| 7:49 | Create | Villager (Male) |
| 7:56 | Create | Villager (Male) |
| 8:12 | Build | House |
| 8:23 | Create | Villager (Male) |
| 8:23 | Create | Villager (Male) |
| 8:36 | Create | Fishing Ship |
| 8:48 | Build | House |
| 9:10 | Create | Villager (Male) |
| 9:10 | Create | Villager (Male) |
| 9:19 | Create | Villager (Male) |
| 9:35 | Build | House |
| 9:38 | Build | House |
| 9:49 | Create | Villager (Male) |
| 10:05 | Create | Villager (Male) |
| 10:15 | Create | Villager (Male) |
| 10:30 | Create | Villager (Male) |
| 10:32 | Build | House |
| 10:34 | Create | Fishing Ship |
| 10:51 | Create | Villager (Male) |
| 10:57 | Build | Mill |
| 11:08 | Create | Fishing Ship |
| 11:18 | Create | Villager (Male) |
| 11:23 | Create | Villager (Male) |
| 11:31 | Create | Villager (Male) |
| 11:42 | Research | Feudal Age |
| 12:05 | Build | Dock |
| 12:06 | Create | Villager (Male) |
| 13:03 | Build | Barracks |
| 13:17 | Create | Villager (Male) |
| 13:28 | Build | Mining Camp |
| 13:54 | Age | Feudal Age |
| 14:05 | Build | Stable |
| 14:21 | Create | Villager (Male) |
| 14:31 | Build | Blacksmith |
| 14:33 | Create | Scout Cavalry |
| 14:34 | Create | Scout Cavalry |
| 14:51 | Create | Villager (Male) |
| 14:54 | Build | House |
| 14:57 | Create | Scout Cavalry |
| 15:18 | Create | Scout Cavalry |
| 15:19 | Create | Villager (Male) |
| 15:24 | Research | Scale Barding Armor |
| 15:25 | Research | Forging |
| 15:33 | Build | Stable |
| 15:58 | Create | Villager (Male) |
| 16:06 | Build | Lumber Camp |
| 16:08 | Create | Villager (Male) |
| 16:15 | Create | Scout Cavalry |
| 16:15 | Create | Scout Cavalry |
| 16:21 | Research | Bloodlines |
| 16:42 | Create | Scout Cavalry |
| 16:43 | Create | Scout Cavalry |
| 16:47 | Build | Mining Camp |
| 16:57 | Create | Villager (Male) |
| 17:04 | Create | Scout Cavalry |
| 17:11 | Create | Villager (Male) |
| 17:15 | Build | Watch Tower |
| 17:46 | Create | Villager (Male) |
| 17:55 | Create | Villager (Male) |
| 18:06 | Build | House |
| 18:09 | Create | Villager (Male) |
| 18:28 | Create | Villager (Male) |
| 19:41 | Create | Villager (Male) |
| 19:53 | Build | Market |
| 20:03 | Build | Mill |
| 20:09 | Create | Villager (Male) |
| 20:13 | Create | Villager (Male) |
| 20:45 | Create | Villager (Male) |
| 21:36 | Create | Villager (Male) |
| 21:51 | Create | Villager (Male) |
| 22:12 | Create | Villager (Male) |
| 22:42 | Research | Castle Age |
| 22:42 | Research | Castle Age |
| 23:09 | Build | House |
| 23:31 | Build | House |
| 24:04 | Create | Villager (Male) |
| 24:28 | Create | Villager (Male) |
| 25:31 | Age | Castle Age |
| 25:39 | Build | Castle |
| 26:26 | Create | Ghulam |
| 26:26 | Create | Ghulam |
| 26:27 | Create | Villager (Male) |
| 26:38 | Create | Ghulam |
| 26:51 | Create | Villager (Male) |
| 27:20 | Build | Market |
| 27:59 | Create | Ghulam |
| 27:59 | Create | Ghulam |
| 28:10 | Create | Ghulam |
| 28:11 | Create | Ghulam |
| 28:11 | Create | Ghulam |
| 28:11 | Create | Ghulam |
| 28:12 | Create | Ghulam |
| 28:12 | Create | Ghulam |
| 28:25 | Create | Villager (Male) |
| 28:25 | Create | Villager (Male) |
| 28:26 | Create | Villager (Male) |
| 28:34 | Create | Ghulam |
| 28:49 | Create | Villager (Male) |
| 29:42 | Create | Ghulam |
| 29:43 | Create | Ghulam |
| 29:49 | Build | Town Center |
| 30:37 | Build | Mill |
| 30:39 | Create | Villager (Male) |
| 30:43 | Create | Ghulam |
| 30:43 | Create | Ghulam |
| 30:51 | Build | House |
| 31:10 | Create | Ghulam |
| 31:10 | Create | Ghulam |
| 31:10 | Create | Ghulam |
| 31:24 | Build | House |
| 31:38 | Create | Villager (Male) |
| 31:38 | Create | Villager (Male) |
| 31:39 | Create | Villager (Male) |
| 31:54 | Build | House |
| 32:59 | Build | House |
| 33:13 | Create | Ghulam |
| 33:14 | Create | Ghulam |
| 33:20 | Create | Villager (Male) |
| 33:20 | Create | Villager (Male) |
| 33:21 | Create | Villager (Male) |
| 33:26 | Create | Villager (Male) |
| 34:10 | Create | Ghulam |
| 34:10 | Create | Ghulam |
| 34:19 | Create | Villager (Male) |
| 34:32 | Build | Castle |
| 34:48 | Create | Ghulam |
| 35:15 | Create | Villager (Male) |
| 35:15 | Create | Villager (Male) |
Build order — Foskito
First 150 of 449 actions detected
| 0:15 | Build | Town Center |
| 0:49 | Build | Dock |
| 0:52 | Build | House |
| 0:55 | Build | Palisade Wall |
| 2:34 | Create | Villager (Male) |
| 2:34 | Create | Villager (Male) |
| 2:34 | Create | Villager (Male) |
| 2:44 | Create | Villager (Male) |
| 3:54 | Create | Fishing Ship |
| 3:54 | Create | Fishing Ship |
| 4:00 | Create | Villager (Male) |
| 4:00 | Create | Villager (Male) |
| 4:13 | Build | House |
| 4:35 | Research | Loom |
| 4:52 | Build | House |
| 4:58 | Create | Villager (Male) |
| 5:23 | Create | Villager (Male) |
| 5:23 | Create | Villager (Male) |
| 5:38 | Create | Fishing Ship |
| 5:39 | Create | Villager (Male) |
| 6:00 | Create | Villager (Male) |
| 6:00 | Create | Villager (Male) |
| 6:20 | Create | Villager (Male) |
| 6:20 | Create | Villager (Male) |
| 6:23 | Build | House |
| 6:57 | Create | Villager (Male) |
| 7:07 | Create | Fishing Ship |
| 7:19 | Create | Villager (Male) |
| 7:22 | Build | House |
| 7:35 | Create | Villager (Male) |
| 7:47 | Create | Villager (Male) |
| 8:00 | Create | Fishing Ship |
| 8:27 | Create | Villager (Male) |
| 8:44 | Create | Villager (Male) |
| 8:45 | Create | Villager (Male) |
| 8:55 | Create | Fishing Ship |
| 9:23 | Build | Lumber Camp |
| 9:42 | Create | Villager (Male) |
| 10:07 | Research | Feudal Age |
| 10:30 | Build | Mining Camp |
| 10:36 | Build | House |
| 11:31 | Create | Villager (Male) |
| 11:31 | Create | Villager (Male) |
| 12:06 | Build | House |
| 12:17 | Age | Feudal Age |
| 12:21 | Build | Blacksmith |
| 12:41 | Build | Mill |
| 12:52 | Build | House |
| 12:56 | Build | House |
| 13:06 | Create | Villager (Male) |
| 13:22 | Build | Market |
| 13:32 | Create | Villager (Male) |
| 14:22 | Research | Castle Age |
| 14:27 | Build | Dock |
| 14:37 | Create | Unit 2626 |
| 14:37 | Create | Unit 2626 |
| 15:02 | Research | Double-Bit Axe |
| 15:02 | Research | Double-Bit Axe |
| 15:25 | Create | Unit 2626 |
| 15:41 | Build | House |
| 15:43 | Create | Villager (Male) |
| 16:04 | Build | Dock |
| 16:21 | Create | Unit 2626 |
| 16:37 | Create | Villager (Male) |
| 16:40 | Create | Unit 2626 |
| 16:41 | Create | Unit 2626 |
| 16:41 | Create | Unit 2626 |
| 16:42 | Create | Villager (Male) |
| 16:54 | Create | Unit 2626 |
| 16:54 | Create | Unit 2626 |
| 16:55 | Create | Villager (Male) |
| 16:55 | Create | Villager (Male) |
| 17:02 | Age | Castle Age |
| 17:06 | Research | War Galley (upgrade) |
| 17:07 | Research | War Galley (upgrade) |
| 17:22 | Create | Unit 2626 |
| 17:38 | Research | Forging |
| 17:47 | Create | Unit 2626 |
| 17:48 | Create | Villager (Male) |
| 18:00 | Create | Villager (Male) |
| 18:05 | Build | House |
| 18:06 | Create | Villager (Male) |
| 18:46 | Create | Villager (Male) |
| 18:52 | Create | Villager (Male) |
| 18:52 | Create | Villager (Male) |
| 18:58 | Create | Villager (Male) |
| 19:03 | Build | Mill |
| 19:04 | Create | Villager (Male) |
| 19:08 | Build | Barracks |
| 19:12 | Build | House |
| 19:15 | Build | Farm |
| 19:15 | Build | Farm |
| 19:16 | Build | Farm |
| 19:16 | Build | Farm |
| 19:16 | Build | Farm |
| 19:17 | Build | Farm |
| 19:50 | Build | Farm |
| 20:21 | Create | Villager (Male) |
| 20:28 | Create | Fishing Ship |
| 20:28 | Create | Fishing Ship |
| 21:08 | Create | Villager (Male) |
| 21:22 | Research | Iron Casting |
| 21:33 | Create | Unit 2626 |
| 21:35 | Create | Villager (Male) |
| 21:42 | Build | Town Center |
| 22:06 | Build | House |
| 22:08 | Create | Villager (Male) |
| 22:47 | Create | Villager (Male) |
| 22:47 | Create | Villager (Male) |
| 22:50 | Research | Bow Saw |
| 23:15 | Create | Villager (Male) |
| 23:18 | Create | Spearman |
| 23:18 | Create | Spearman |
| 23:23 | Build | House |
| 23:25 | Create | Villager (Male) |
| 23:25 | Create | Villager (Male) |
| 23:40 | Create | Villager (Male) |
| 23:43 | Create | Spearman |
| 23:51 | Create | Spearman |
| 23:55 | Build | House |
| 23:58 | Build | Palisade Wall |
| 24:05 | Build | Palisade Wall |
| 24:43 | Create | Villager (Male) |
| 24:43 | Create | Villager (Male) |
| 24:48 | Create | Spearman |
| 24:54 | Build | House |
| 24:55 | Build | House |
| 24:58 | Create | Fishing Ship |
| 24:58 | Create | Fishing Ship |
| 25:08 | Create | Villager (Male) |
| 25:30 | Create | Villager (Male) |
| 25:33 | Create | Villager (Male) |
| 25:33 | Create | Villager (Male) |
| 25:45 | Create | Spearman |
| 25:45 | Research | Pikeman (upgrade) |
| 25:46 | Create | Villager (Male) |
| 25:46 | Create | Villager (Male) |
| 25:48 | Create | Villager (Male) |
| 25:48 | Create | Villager (Male) |
| 26:02 | Build | Farm |
| 26:03 | Create | Villager (Male) |
| 26:11 | Create | Villager (Male) |
| 26:12 | Create | Villager (Male) |
| 26:12 | Create | Villager (Male) |
| 26:17 | Build | Town Center |
| 26:22 | Create | Villager (Male) |
| 26:23 | Create | Villager (Male) |
| 26:26 | Create | Fishing Ship |
| 26:27 | Research | Tech 906 |
| 26:27 | Create | Fishing Ship |
Build order — Sir_Piñeiro
First 150 of 219 actions detected
| 0:04 | Build | Town Center |
| 0:09 | Build | House |
| 1:11 | Build | Dock |
| 2:27 | Create | Villager (Male) |
| 2:27 | Create | Villager (Male) |
| 2:27 | Create | Villager (Male) |
| 2:28 | Create | Villager (Male) |
| 2:28 | Create | Villager (Male) |
| 2:28 | Create | Villager (Male) |
| 3:59 | Create | Villager (Male) |
| 4:00 | Create | Villager (Male) |
| 4:10 | Create | Fishing Ship |
| 4:37 | Build | House |
| 4:51 | Create | Villager (Male) |
| 5:12 | Create | Villager (Male) |
| 5:36 | Create | Fishing Ship |
| 5:38 | Create | Villager (Male) |
| 5:38 | Create | Villager (Male) |
| 6:06 | Create | Villager (Male) |
| 6:30 | Create | Villager (Male) |
| 6:31 | Create | Fishing Ship |
| 6:35 | Build | House |
| 6:56 | Build | House |
| 7:22 | Create | Villager (Male) |
| 7:24 | Create | Fishing Ship |
| 7:28 | Build | House |
| 7:50 | Create | Villager (Male) |
| 7:51 | Create | Fishing Ship |
| 8:11 | Create | Villager (Male) |
| 8:21 | Build | Mill |
| 8:38 | Create | Villager (Male) |
| 8:44 | Create | Fishing Ship |
| 8:55 | Create | Villager (Male) |
| 9:10 | Create | Villager (Male) |
| 9:14 | Build | House |
| 9:18 | Create | Fishing Ship |
| 9:34 | Research | Loom |
| 9:36 | Create | Villager (Male) |
| 9:44 | Build | Mining Camp |
| 10:28 | Research | Feudal Age |
| 10:34 | Create | Fishing Ship |
| 10:39 | Build | House |
| 11:44 | Build | Barracks |
| 12:38 | Age | Feudal Age |
| 12:41 | Build | Archery Range |
| 12:50 | Create | Villager (Male) |
| 13:05 | Create | Villager (Male) |
| 13:20 | Create | Villager (Male) |
| 13:24 | Create | Archer |
| 13:24 | Create | Archer |
| 13:27 | Build | Blacksmith |
| 13:44 | Create | Villager (Male) |
| 14:03 | Build | House |
| 14:04 | Build | Palisade Wall |
| 14:10 | Create | Archer |
| 14:19 | Research | Fletching |
| 14:29 | Build | House |
| 14:40 | Create | Villager (Male) |
| 14:41 | Create | Villager (Male) |
| 14:53 | Build | Watch Tower |
| 14:55 | Create | Archer |
| 15:28 | Build | Mining Camp |
| 15:29 | Create | Villager (Male) |
| 15:30 | Create | Archer |
| 16:05 | Create | Villager (Male) |
| 16:06 | Create | Villager (Male) |
| 16:31 | Build | Lumber Camp |
| 16:42 | Build | Market |
| 17:14 | Build | Lumber Camp |
| 18:02 | Create | Spearman |
| 18:02 | Create | Spearman |
| 18:25 | Build | Palisade Wall |
| 18:58 | Build | Palisade Wall |
| 19:00 | Build | Palisade Wall |
| 19:01 | Build | Palisade Wall |
| 19:05 | Build | Palisade Wall |
| 19:10 | Research | Castle Age |
| 19:26 | Build | House |
| 19:54 | Create | Spearman |
| 20:25 | Create | Villager (Male) |
| 20:34 | Create | Spearman |
| 20:36 | Create | Villager (Male) |
| 20:54 | Build | Stone Wall |
| 21:50 | Age | Castle Age |
| 22:13 | Build | Castle |
| 22:17 | Create | Spearman |
| 22:18 | Create | Spearman |
| 22:20 | Create | Villager (Male) |
| 22:40 | Create | Villager (Male) |
| 23:03 | Create | Villager (Male) |
| 23:35 | Build | Lumber Camp |
| 24:53 | Create | Villager (Male) |
| 24:53 | Create | Villager (Male) |
| 24:53 | Create | Villager (Male) |
| 24:54 | Create | Villager (Male) |
| 25:54 | Create | Villager (Male) |
| 25:54 | Create | Villager (Male) |
| 26:21 | Create | Villager (Male) |
| 26:21 | Create | Villager (Male) |
| 26:32 | Build | Farm |
| 27:10 | Create | Villager (Male) |
| 27:17 | Build | Farm |
| 27:19 | Build | Farm |
| 27:24 | Build | Farm |
| 27:32 | Build | Stone Wall |
| 27:36 | Create | Villager (Male) |
| 27:48 | Build | Farm |
| 27:50 | Build | Farm |
| 27:56 | Build | Farm |
| 28:04 | Create | Spearman |
| 28:05 | Create | Villager (Male) |
| 28:05 | Create | Villager (Male) |
| 28:49 | Research | Town Watch |
| 29:00 | Research | Pikeman (upgrade) |
| 29:32 | Build | Town Center |
| 29:39 | Create | Villager (Male) |
| 29:44 | Build | Town Center |
| 29:46 | Create | Spearman |
| 29:47 | Create | Villager (Male) |
| 29:48 | Create | Villager (Male) |
| 29:48 | Create | Villager (Male) |
| 29:51 | Build | Farm |
| 29:57 | Research | Horse Collar |
| 30:05 | Research | Double-Bit Axe |
| 30:06 | Create | Villager (Male) |
| 30:16 | Build | Outpost |
| 31:03 | Create | Boyar |
| 31:04 | Create | Boyar |
| 31:39 | Create | Villager (Male) |
| 31:39 | Create | Villager (Male) |
| 32:01 | Create | Villager (Male) |
| 32:01 | Create | Villager (Male) |
| 32:03 | Build | Farm |
| 32:03 | Build | Farm |
| 32:03 | Build | Farm |
| 32:22 | Create | Villager (Male) |
| 32:22 | Create | Villager (Male) |
| 32:39 | Build | Town Center |
| 32:56 | Create | Villager (Male) |
| 33:01 | Create | Villager (Male) |
| 33:13 | Create | Villager (Male) |
| 33:20 | Build | Farm |
| 33:20 | Build | Farm |
| 33:43 | Create | Villager (Male) |
| 33:58 | Create | Villager (Male) |
| 33:59 | Create | Villager (Male) |
| 34:09 | Create | Villager (Male) |
| 34:09 | Create | Villager (Male) |
| 34:13 | Build | Farm |
| 34:39 | Build | Dock |
Build order — mano do age
First 150 of 327 actions detected
| 0:21 | Build | Town Center |
| 1:14 | Build | Dock |
| 1:15 | Build | House |
| 2:35 | Create | Villager (Male) |
| 2:36 | Create | Villager (Male) |
| 2:36 | Create | Villager (Male) |
| 2:36 | Create | Villager (Male) |
| 3:35 | Create | Fishing Ship |
| 4:16 | Research | Loom |
| 4:24 | Build | House |
| 4:33 | Create | Villager (Male) |
| 4:33 | Create | Villager (Male) |
| 5:01 | Create | Villager (Male) |
| 5:23 | Create | Villager (Male) |
| 5:49 | Create | Villager (Male) |
| 6:06 | Create | Fishing Ship |
| 6:09 | Build | House |
| 6:11 | Create | Villager (Male) |
| 6:48 | Create | Villager (Male) |
| 6:48 | Create | Villager (Male) |
| 6:50 | Create | Fishing Ship |
| 7:07 | Create | Villager (Male) |
| 7:22 | Create | Fishing Ship |
| 7:48 | Build | House |
| 8:01 | Create | Villager (Male) |
| 8:01 | Create | Villager (Male) |
| 8:02 | Create | Villager (Male) |
| 8:07 | Create | Villager (Male) |
| 8:09 | Create | Fishing Ship |
| 8:12 | Build | House |
| 8:57 | Build | Mill |
| 9:01 | Create | Villager (Male) |
| 9:06 | Create | Fishing Ship |
| 9:36 | Create | Villager (Male) |
| 9:37 | Create | Fishing Ship |
| 10:04 | Create | Villager (Male) |
| 10:39 | Research | Feudal Age |
| 10:50 | Build | Mining Camp |
| 11:28 | Build | House |
| 11:42 | Build | Barracks |
| 12:15 | Create | Villager (Male) |
| 12:17 | Create | Villager (Male) |
| 12:39 | Create | Villager (Male) |
| 12:49 | Age | Feudal Age |
| 12:52 | Build | Stable |
| 13:04 | Build | Blacksmith |
| 13:23 | Create | Villager (Male) |
| 14:04 | Research | Castle Age |
| 14:04 | Research | Castle Age |
| 14:14 | Build | Mill |
| 14:31 | Create | Scout Cavalry |
| 14:53 | Build | Lumber Camp |
| 15:21 | Create | Villager (Male) |
| 16:01 | Research | Forging |
| 16:01 | Research | Scale Barding Armor |
| 16:28 | Create | Villager (Male) |
| 16:32 | Build | House |
| 16:33 | Build | House |
| 16:44 | Age | Castle Age |
| 16:46 | Create | Shrivamsha Rider |
| 16:47 | Create | Shrivamsha Rider |
| 16:47 | Research | Double-Bit Axe |
| 17:00 | Build | Town Center |
| 17:21 | Create | Shrivamsha Rider |
| 17:41 | Create | Shrivamsha Rider |
| 17:42 | Create | Villager (Male) |
| 18:01 | Create | Shrivamsha Rider |
| 18:02 | Create | Villager (Male) |
| 18:28 | Create | Shrivamsha Rider |
| 18:29 | Create | Villager (Male) |
| 18:31 | Build | Farm |
| 18:34 | Build | Farm |
| 18:34 | Build | Farm |
| 18:34 | Build | Farm |
| 18:35 | Build | Farm |
| 19:08 | Create | Villager (Male) |
| 19:09 | Create | Villager (Male) |
| 19:10 | Build | Farm |
| 19:11 | Build | Farm |
| 19:20 | Create | Villager (Male) |
| 19:20 | Create | Villager (Male) |
| 19:21 | Create | Villager (Male) |
| 19:47 | Create | Villager (Male) ×3 |
| 20:02 | Research | Bloodlines |
| 20:09 | Create | Villager (Male) |
| 20:11 | Create | Villager (Male) |
| 20:21 | Build | Town Center |
| 20:33 | Create | Shrivamsha Rider |
| 20:37 | Create | Villager (Male) |
| 20:37 | Create | Villager (Male) |
| 20:58 | Create | Villager (Male) |
| 20:58 | Create | Villager (Male) |
| 21:10 | Research | Horse Collar |
| 21:20 | Create | Villager (Male) |
| 21:20 | Create | Villager (Male) |
| 21:23 | Create | Villager (Male) |
| 21:36 | Create | Villager (Male) |
| 21:43 | Build | Farm |
| 21:44 | Build | Farm |
| 21:44 | Build | Farm |
| 21:44 | Build | Farm |
| 21:45 | Build | Farm |
| 22:10 | Create | Villager (Male) |
| 22:10 | Create | Villager (Male) |
| 22:10 | Create | Villager (Male) |
| 22:20 | Create | Camel Scout |
| 22:20 | Create | Camel Scout |
| 22:26 | Build | Farm |
| 22:30 | Build | Farm |
| 22:31 | Build | Farm |
| 22:34 | Build | House |
| 22:35 | Build | House |
| 22:35 | Build | House |
| 22:35 | Build | House |
| 22:45 | Create | Camel Scout |
| 23:05 | Build | Farm |
| 23:06 | Build | Farm |
| 23:07 | Create | Villager (Male) ×5 |
| 23:20 | Create | Camel Scout |
| 23:26 | Create | Villager (Male) ×2 |
| 23:36 | Build | Farm |
| 23:36 | Build | Farm |
| 23:39 | Create | Villager (Male) ×2 |
| 23:42 | Create | Camel Scout |
| 24:09 | Create | Villager (Male) |
| 24:10 | Create | Villager (Male) |
| 24:10 | Create | Villager (Male) |
| 24:10 | Create | Villager (Male) |
| 24:13 | Build | House |
| 24:14 | Build | House |
| 24:14 | Build | House |
| 24:15 | Build | House |
| 24:24 | Create | Villager (Male) |
| 24:46 | Create | Villager (Male) ×5 |
| 24:47 | Create | Camel Scout |
| 25:09 | Create | Villager (Male) ×5 |
| 25:19 | Build | Monastery |
| 25:25 | Create | Shrivamsha Rider |
| 25:30 | Build | Farm |
| 25:30 | Build | Farm |
| 25:30 | Build | Farm |
| 25:31 | Build | Farm |
| 25:31 | Build | Farm |
| 25:32 | Build | Farm |
| 25:39 | Build | House |
| 25:40 | Create | Villager (Male) ×3 |
| 25:53 | Create | Villager (Male) |
| 26:06 | Create | Shrivamsha Rider |
| 26:06 | Create | Shrivamsha Rider |
| 26:07 | Create | Monk |
Build order — Pelopincho
First 150 of 358 actions detected
| 0:16 | Build | Town Center |
| 0:23 | Build | House |
| 1:17 | Build | Dock |
| 2:20 | Build | Palisade Wall |
| 2:22 | Build | Palisade Wall |
| 2:41 | Create | Villager (Male) |
| 2:41 | Create | Villager (Male) |
| 2:41 | Create | Villager (Male) |
| 2:42 | Create | Villager (Male) |
| 4:06 | Create | Villager (Male) |
| 4:06 | Create | Villager (Male) |
| 4:34 | Create | Fishing Ship |
| 4:38 | Create | Villager (Male) |
| 4:38 | Create | Villager (Male) |
| 5:04 | Build | House |
| 5:07 | Research | Loom |
| 5:22 | Create | Villager (Male) |
| 5:22 | Create | Villager (Male) |
| 5:50 | Create | Fishing Ship |
| 6:01 | Create | Villager (Male) |
| 6:01 | Create | Villager (Male) |
| 6:12 | Build | House |
| 6:32 | Create | Villager (Male) |
| 6:33 | Create | Villager (Male) |
| 6:40 | Create | Fishing Ship |
| 7:18 | Create | Villager (Male) |
| 7:18 | Create | Villager (Male) |
| 7:18 | Create | Villager (Male) |
| 7:24 | Create | Fishing Ship |
| 7:43 | Build | House |
| 7:54 | Create | Fishing Ship |
| 8:03 | Create | Villager (Male) |
| 8:03 | Create | Villager (Male) |
| 8:23 | Build | House |
| 8:29 | Build | Palisade Wall |
| 8:31 | Create | Villager (Male) |
| 8:36 | Create | Fishing Ship |
| 8:57 | Create | Villager (Male) |
| 9:06 | Create | Fishing Ship |
| 9:07 | Create | Villager (Male) |
| 9:11 | Build | Palisade Wall |
| 9:12 | Build | Palisade Wall |
| 9:17 | Build | House |
| 9:24 | Create | Villager (Male) |
| 9:36 | Create | Villager (Male) |
| 9:46 | Build | Palisade Wall |
| 9:50 | Create | Fishing Ship |
| 9:58 | Build | House |
| 10:26 | Build | House |
| 10:38 | Create | Villager (Male) |
| 10:38 | Create | Villager (Male) |
| 10:54 | Build | Mill |
| 10:55 | Create | Fishing Ship |
| 11:06 | Create | Villager (Male) |
| 11:13 | Build | House |
| 11:25 | Build | Palisade Wall |
| 11:40 | Build | Mining Camp |
| 11:42 | Create | Villager (Male) |
| 11:52 | Create | Fishing Ship |
| 11:57 | Create | Villager (Male) |
| 12:18 | Research | Feudal Age |
| 13:03 | Build | Palisade Wall |
| 13:07 | Build | Palisade Wall |
| 13:09 | Build | Palisade Wall |
| 13:11 | Build | Palisade Wall |
| 13:13 | Build | Palisade Wall |
| 13:16 | Build | Palisade Wall |
| 13:26 | Create | Villager (Male) |
| 14:29 | Age | Feudal Age |
| 14:30 | Create | Villager (Male) |
| 14:36 | Build | Blacksmith |
| 14:44 | Build | Market |
| 14:55 | Create | Villager (Male) |
| 14:56 | Create | Villager (Male) |
| 15:04 | Build | Palisade Wall |
| 15:08 | Build | Palisade Wall |
| 15:21 | Research | Castle Age |
| 15:49 | Build | Palisade Wall |
| 15:52 | Build | Palisade Wall |
| 15:59 | Build | Palisade Wall |
| 16:03 | Build | Palisade Wall |
| 16:05 | Build | Palisade Wall |
| 16:20 | Build | Lumber Camp |
| 17:04 | Research | Wheelbarrow |
| 17:10 | Research | Double-Bit Axe |
| 18:01 | Age | Castle Age |
| 18:10 | Build | Castle |
| 18:42 | Build | Town Center |
| 18:55 | Create | Villager (Male) |
| 19:06 | Create | Villager (Male) |
| 19:07 | Create | Centurion |
| 19:14 | Build | Siege Workshop |
| 19:17 | Create | Villager (Male) |
| 19:21 | Create | Centurion |
| 20:02 | Create | Villager (Male) |
| 20:02 | Create | Villager (Male) |
| 20:03 | Create | Villager (Male) |
| 20:03 | Create | Villager (Male) |
| 20:27 | Create | Villager (Male) |
| 20:50 | Create | Battering Ram |
| 20:53 | Create | Mangonel |
| 21:04 | Create | Villager (Male) |
| 21:04 | Create | Villager (Male) |
| 21:12 | Research | Bow Saw |
| 21:14 | Research | Horse Collar |
| 21:18 | Research | Fletching |
| 21:26 | Create | Centurion |
| 21:28 | Research | Scale Barding Armor |
| 21:49 | Create | Villager (Male) |
| 21:57 | Build | Farm |
| 21:58 | Build | Farm |
| 21:58 | Build | Farm |
| 21:58 | Build | Farm |
| 21:58 | Build | Farm |
| 21:59 | Build | Farm |
| 21:59 | Build | Farm |
| 21:59 | Build | Farm |
| 22:00 | Build | Farm |
| 22:00 | Build | Farm |
| 22:14 | Create | Villager (Male) |
| 22:14 | Create | Villager (Male) |
| 22:26 | Create | Villager (Male) |
| 22:26 | Create | Villager (Male) |
| 22:45 | Create | Villager (Male) |
| 22:45 | Create | Villager (Male) |
| 22:57 | Create | Villager (Male) |
| 23:19 | Build | Farm |
| 23:21 | Build | Farm |
| 23:24 | Build | Farm |
| 23:27 | Build | Farm |
| 23:30 | Build | Farm |
| 23:30 | Create | Villager (Male) |
| 23:31 | Create | Villager (Male) |
| 23:36 | Create | Villager (Male) |
| 23:44 | Build | Farm |
| 24:07 | Create | Villager (Male) |
| 24:07 | Create | Villager (Male) |
| 24:15 | Create | Centurion |
| 24:15 | Create | Centurion |
| 24:29 | Create | Villager (Male) |
| 24:30 | Create | Villager (Male) |
| 24:43 | Create | Villager (Male) |
| 24:43 | Create | Villager (Male) |
| 24:56 | Build | Farm |
| 25:01 | Create | Villager (Male) |
| 25:01 | Create | Villager (Male) |
| 25:05 | Build | Farm |
| 25:12 | Build | Farm |
| 25:14 | Build | Farm |
| 25:15 | Build | Farm |
Match timeline
| 0:44 | boda · first_building Dock |
| 0:49 | Foskito · first_building Dock |
| 0:55 | Foskito · wall_segment Palisade Wall x1 |
| 1:02 | Albarikukui · first_building Dock |
| 1:11 | LDESS | César · first_building Dock |
| 1:11 | Sir_Piñeiro · first_building Dock |
| 1:14 | kampert · first_building Dock |
| 1:14 | mano do age · first_building Dock |
| 1:17 | Pelopincho · first_building Dock |
| 2:20 | Pelopincho · wall_segment Palisade Wall x1 |
| 2:22 | Pelopincho · wall_segment Palisade Wall x1 |
| 5:49 | kampert · wall_segment Palisade Wall x1 |
| 8:29 | Pelopincho · wall_segment Palisade Wall x5 |
| 9:11 | Pelopincho · wall_segment Palisade Wall x1 |
| 9:12 | Pelopincho · wall_segment Palisade Wall x1 |
| 9:46 | Pelopincho · wall_segment Palisade Wall x4 |
| 11:25 | Pelopincho · wall_segment Palisade Wall x1 |
| 11:42 | mano do age · first_building Barracks |
| 11:44 | Sir_Piñeiro · first_building Barracks |
| 11:48 | kampert · wall_segment Palisade Wall x1 |
| 11:59 | kampert · wall_segment Palisade Wall x1 |
| 12:17 | Foskito · age_up feudal |
| 12:31 | kampert · wall_segment Palisade Wall x1 |
| 12:38 | Sir_Piñeiro · age_up feudal |
| 12:41 | Sir_Piñeiro · first_building Archery Range |
| 12:41 | kampert · age_up feudal |
| 12:49 | mano do age · age_up feudal |
| 12:52 | mano do age · first_building Stable |
| 13:02 | Albarikukui · age_up feudal |
| 13:03 | LDESS | César · first_building Barracks |
| 13:03 | Pelopincho · wall_segment Palisade Wall x1 |
| 13:07 | Pelopincho · wall_segment Palisade Wall x1 |
| 13:09 | Pelopincho · wall_segment Palisade Wall x1 |
| 13:11 | Pelopincho · wall_segment Palisade Wall x1 |
| 13:13 | Pelopincho · wall_segment Palisade Wall x1 |
| 13:16 | Pelopincho · wall_segment Palisade Wall x1 |
| 13:52 | boda · wall_segment Palisade Wall x1 |
| 13:53 | boda · wall_segment Palisade Wall x1 |
| 13:54 | LDESS | César · age_up feudal |
| 13:56 | boda · wall_segment Palisade Wall x1 |
| 13:57 | boda · wall_segment Palisade Wall x1 |
| 14:04 | Sir_Piñeiro · wall_segment Palisade Wall x1 |
| 14:05 | LDESS | César · first_building Stable |
| 14:21 | Albarikukui · first_market_sell 100 food |
| 14:27 | Albarikukui · first_market_buy 100 wood |
| 14:29 | Pelopincho · age_up feudal |
| 14:34 | Albarikukui · first_building Barracks |
| 15:04 | boda · wall_segment Palisade Wall x1 |
| 15:04 | Pelopincho · wall_segment Palisade Wall x1 |
| 15:08 | Pelopincho · wall_segment Palisade Wall x1 |
| 15:09 | boda · wall_segment Palisade Wall x1 |
| 15:36 | boda · wall_segment Palisade Wall x1 |
| 15:39 | boda · wall_segment Palisade Wall x1 |
| 15:49 | Pelopincho · wall_segment Palisade Wall x1 |
| 15:52 | Pelopincho · wall_segment Palisade Wall x1 |
| 15:59 | Pelopincho · wall_segment Palisade Wall x1 |
| 16:03 | Pelopincho · wall_segment Palisade Wall x1 |
| 16:05 | Pelopincho · wall_segment Palisade Wall x1 |
| 16:14 | boda · wall_segment Palisade Wall x2 |
| 16:18 | boda · age_up feudal |
| 16:34 | Albarikukui · age_up castle |
| 16:38 | kampert · age_up castle |
| 16:44 | mano do age · age_up castle |
| 17:02 | Foskito · age_up castle |
| 17:38 | Albarikukui · wall_segment Palisade Wall x1 |
| 17:52 | Sir_Piñeiro · first_market_buy 100 food |
| 17:55 | Albarikukui · wall_segment Palisade Wall x1 |
| 17:57 | Albarikukui · wall_segment Palisade Wall x1 |
| 18:01 | Pelopincho · age_up castle |
| 18:10 | Pelopincho · first_building Castle |
| 18:12 | Sir_Piñeiro · first_market_sell 100 stone |
| 18:25 | Sir_Piñeiro · wall_segment Palisade Wall x1 |
| 18:58 | Sir_Piñeiro · wall_segment Palisade Wall x1 |
| 19:00 | Sir_Piñeiro · wall_segment Palisade Wall x1 |
| 19:01 | Sir_Piñeiro · wall_segment Palisade Wall x1 |
| 19:05 | Sir_Piñeiro · wall_segment Palisade Wall x1 |
| 19:08 | Foskito · first_building Barracks |
| 19:14 | Pelopincho · first_building Siege Workshop |
| 19:30 | Albarikukui · first_building Siege Workshop |
| 19:57 | kampert · first_building Siege Workshop |
| 20:36 | LDESS | César · first_market_buy 100 food |
| 20:45 | Pelopincho · first_market_sell 100 wood |
| 20:54 | Sir_Piñeiro · wall_segment Stone Wall x1 |
| 21:01 | kampert · first_building Barracks |
| 21:02 | Foskito · first_market_buy 100 food |
| 21:42 | LDESS | César · first_market_sell 100 wood |
| 21:50 | Sir_Piñeiro · age_up castle |
| 22:13 | Sir_Piñeiro · first_building Castle |
| 22:46 | kampert · first_market_sell 100 wood |
| 23:58 | Foskito · wall_segment Palisade Wall x1 |
| 24:05 | Foskito · wall_segment Palisade Wall x1 |
| 25:19 | mano do age · first_building Monastery |
| 25:31 | LDESS | César · age_up castle |
| 25:39 | LDESS | César · first_building Castle |
| 26:09 | boda · wall_segment Palisade Wall x6 |
| 26:25 | kampert · age_up imperial |
| 27:15 | kampert · first_building Castle |
| 27:28 | Foskito · first_market_sell 100 wood |
| 27:32 | Sir_Piñeiro · wall_segment Stone Wall x1 |
| 27:58 | Pelopincho · first_building Barracks |
| 28:53 | Pelopincho · first_building Stable |
| 29:40 | boda · wall_segment Palisade Wall x6 |
| 30:03 | Foskito · first_building Monastery |
| 30:52 | Foskito · wall_segment Palisade Wall x1 |
| 30:54 | Foskito · wall_segment Palisade Wall x1 |
| 30:56 | Foskito · wall_segment Palisade Wall x1 |
| 30:58 | Foskito · wall_segment Palisade Wall x1 |
| 31:20 | boda · age_up castle |
| 31:45 | boda · first_building Castle |
| 31:55 | mano do age · first_building Castle |
| 31:58 | boda · wall_segment Palisade Wall x3 |
| 32:02 | boda · wall_segment Palisade Wall x1 |
| 32:07 | Foskito · first_building Castle |
| 33:20 | Foskito · wall_segment Stone Wall x8 |
| 34:05 | Foskito · age_up imperial |
| 34:22 | boda · first_market_buy 100 food |
| 34:34 | mano do age · first_building Siege Workshop |
| 34:38 | mano do age · first_market_sell 100 food |
| 35:12 | Pelopincho · wall_segment Stone Wall x11 |
| 36:57 | Albarikukui · first_building Monastery |
| 37:03 | boda · wall_segment Palisade Wall x5 |
| 37:06 | Foskito · wall_segment Stone Wall x12 |
| 37:50 | mano do age · age_up imperial |
| 38:24 | Pelopincho · wall_segment Stone Wall x17 |
| 38:30 | Pelopincho · wall_segment Stone Wall x14 |
| 38:32 | Pelopincho · wall_segment Stone Wall x6 |
| 38:34 | Pelopincho · wall_segment Stone Wall x3 |
| 38:42 | Pelopincho · wall_segment Stone Wall x11 |
| 39:13 | Pelopincho · wall_segment Stone Wall x1 |
| 41:03 | Albarikukui · age_up imperial |
| 41:30 | Albarikukui · first_building Castle |
| 42:13 | Albarikukui · tribute_sent a jugador 1 |
| 42:13 | Albarikukui · tribute_sent a jugador 3 |
| 42:13 | Albarikukui · tribute_sent a jugador 4 |
| 42:13 | Albarikukui · tribute_sent a jugador 5 |
| 42:13 | Albarikukui · tribute_sent a jugador 6 |
| 42:13 | Albarikukui · tribute_sent a jugador 7 |
| 42:13 | Albarikukui · tribute_sent a jugador 8 |
| 43:04 | Sir_Piñeiro · wall_segment Stone Wall x13 |
| 43:10 | Sir_Piñeiro · wall_segment Stone Wall x11 |
| 43:12 | Pelopincho · wall_segment Stone Wall x13 |
| 43:13 | Sir_Piñeiro · wall_segment Stone Wall x10 |
| 43:37 | Sir_Piñeiro · wall_segment Stone Wall x14 |
| 43:44 | Sir_Piñeiro · wall_segment Stone Wall x10 |
| 44:04 | kampert · first_building Archery Range |
| 45:00 | Sir_Piñeiro · wall_segment Stone Wall x10 |
| 45:10 | Albarikukui · first_building Archery Range |
| 45:17 | Sir_Piñeiro · wall_segment Stone Wall x1 |
| 45:25 | Pelopincho · age_up imperial |
| 46:11 | LDESS | César · first_building Archery Range |
| 46:28 | Foskito · resign |
[ AI ANALYSIS · 1 CREDIT ]
What really happened in this match?
Wolo.gg analyzes every decision: build order, eco, micro, common mistakes by bracket. Personalized analysis on WhatsApp or Discord in 30 seconds.
Civ guide
Italians
Map guide
Nomad
Perfil
kampert